cohdb
Replays
Latest Replays
All Replays
Popular Replays
Top Player Replays
Match Explorer
How It Works
Community
CoH3 Stats
Reddit
Sign in to upload your games and track your stats! →
Sign in with Steam
Chaffee Reeee
Match 18937596
Overview
Messages
Build Orders
End
Selects Armored Battlegroup
Selects Veteran Crews
Construct Barracks
Selects Fast Deploy
1⁄4-ton 4x4 Truck
1⁄4-ton 4x4 Truck
1⁄4-ton 4x4 Truck
Riflemen Squad
Engineer Squad
Riflemen Squad
Mechanized Support Center
Riflemen Squad
Construct Motor Pool
M24 Chaffee Light Tank
M8 Greyhound Armored Car
Riflemen Squad
Engineer Squad
M24 Chaffee Light Tank
M24 Chaffee Light Tank
M24 Chaffee Light Tank
Riflemen Squad
M8 Greyhound Armored Car
Riflemen Squad
M24 Chaffee Light Tank
ßoo
cutta
0
0
Comments
sign in to comment!
No comments posted yet!